 Dungeon Crawl Stone Soup version 0.31-a0-1612-g4aaf141004 (webtiles) character file.

Game seed: 17777099140255149204

13121 Inarius the Cleaver (level 12, -2/121 HPs)
             Began as an Octopode Fighter on Jan 8, 2024.
             Was a Believer of Nemelex Xobeh.
             Slain by a vampire
             ... wielding a +0 club
              (7 damage)
             ... on level 11 of the Dungeon on Jan 9, 2024.
             The game lasted 00:17:40 (12621 turns).

Inarius the Cleaver (Octopode Fighter)             Turns: 12621, Time: 00:17:40

Health: -2/121     AC: 34    Str: 17    XL:     12   Next: 2%
Magic:  16/16      EV:  2    Int: 17    God:    Nemelex Xobeh [**....]
Gold:   729        SH:  5    Dex: 14    Spells: 11/11 levels left

rFire   . . .        g - +2 war axe (flame)
rCold   . . .        b - +0 buckler
rNeg    . . .        (helmet currently unavailable)
rPois   +            (no amulet)
rElec   .            n - +6 ring of intelligence
rCorr   +            t - ring "Siwohuwi" {rPois SInv}
SInv    +            F - ring of poison resistance
Will    .....        I - +4 ring of protection
Stlth   +++++        J - ring of see invisible
HPRegen 0.40/turn    M - +4 ring of protection
MPRegen 0.15/turn    O - ring of resist corrosion
                     (no ring)

%: no passive effects
@: tree-form
A: stationary, stasis, torment immunity, boosted hp, almost no armour,
(amphibious), 8 rings, (camouflage 1), (gelatinous body 1), (nimble swimmer 1),
(tentacles)
a: Renounce Religion, Draw Escape, Draw Destruction, Draw Summoning


You were on level 11 of the Dungeon.
You worshipped Nemelex Xobeh.
Nemelex Xobeh was pleased with you.
You were a tree.
You visited 2 branches of the dungeon, and saw 12 of its levels.
You also visited: Sewer.

You collected 729 gold pieces.

Inventory:

Hand Weapons
 g - a +2 war axe of flaming (weapon)
Missiles
 a - 6 javelins
 w - 5 silver javelins (quivered)
 D - a throwing net
Armour
 b - a +0 buckler (worn)
Jewellery
 n - a +6 ring of intelligence (left branch)
 o - a ring of ice
 t - the ring "Siwohuwi" (right branch) {rPois SInv}
   (You acquired it on level 5 of the Dungeon)

   [ring of poison resistance]

   rPois:     It protects you from poison SInv: It lets you see invisible.
 F - a ring of poison resistance (on tentacle)
 I - a +4 ring of protection (on tentacle)
 J - a ring of see invisible (on tentacle)
 M - a +4 ring of protection (on tentacle)
 O - a ring of resist corrosion (on tentacle)
Wands
 p - a wand of iceblast (1)
 E - a wand of paralysis (4)
 K - a wand of quicksilver (8)
 N - a wand of flame (17)
Scrolls
 c - 2 scrolls of vulnerability {unknown}
 h - a scroll of torment
 i - 2 scrolls of summoning
 j - 4 scrolls of teleportation {unknown}
 k - 3 scrolls of fog
 m - 5 scrolls of enchant weapon {unknown}
 v - 3 scrolls of blinking
 x - 4 scrolls of enchant armour {unknown}
 y - 2 scrolls of revelation
 A - 3 scrolls of fear {unknown}
 B - 2 scrolls of amnesia {unknown}
 C - a scroll of silence {unknown}
 G - a scroll of immolation {unknown}
 L - 2 scrolls of identify
Potions
 d - a potion of haste
 e - a potion of ambrosia
 f - a potion of cancellation {unknown}
 q - 3 potions of curing
 r - 2 potions of enlightenment {unknown}
 s - 2 potions of attraction {unknown}
 u - 2 potions of might
 z - 2 potions of berserk rage {unknown}
 H - a potion of invisibility {unknown}


   Skills:
 + Level 7.6 Fighting
 + Level 12.1 Axes
 + Level 1.5 Throwing
 + Level 6.8 Dodging
 + Level 11.2 Stealth
 + Level 6.0 Shields
 * Level 6.4 Invocations
 + Level 1.8 Evocations


You had 11 spell levels left.
You didn't know any spells.
Your spell library contained the following spells:

 Spells                   Type           Power      Damage    Failure   Level
 Necrotise                Necr           0%         1d4       28%         1
 Sting                    Conj/Alch      0%         1d3       28%         1
 Ensorcelled Hibernation  Hex/Ice        0%         N/A       41%         2
 Mercury Vapours          Alch/Air       0%         N/A       41%         2
 Passwall                 Erth           0%         N/A       65%         3
 Stone Arrow              Conj/Erth      0%         3d7       65%         3
 Swiftness                Air            0%         N/A       65%         3
 Vampiric Draining        Necr           0%         2d6       65%         3
 Brom's Barrelling Bould  Conj/Erth      0%         2d3       96%         4
 Manifold Assault         Tloc           0%         N/A       96%         4
 Martyr's Knell           Necr/Summ      0%         N/A       96%         4
 Olgreb's Toxic Radiance  Alch           0%         N/A       96%         4
 Borgnjor's Vile Clutch   Necr/Erth      0%         N/A       100%        5
 Curse of Agony           Necr           0%         N/A       100%        5
 Bombard                  Conj/Erth      0%         9d1       100%        6
 Dispersal                Tloc           0%         N/A       100%        6
 Disjunction              Tloc           0%         N/A       100%        8
 Lehudib's Crystal Spear  Conj/Erth      0%         10d2      100%        8
 Animate Armour           Summ/Erth      Unusable   N/A       N/A         4

Dungeon Overview and Level Annotations

Branches:
Dungeon (11/15)            Temple (1/1) D:7            Lair (0/5) D:9
    Orc (0/2) D:10          Sewer (visited)

Altars:
Ashenzari
Cheibriados
Dithmenos
Elyvilon
Fedhas
Gozag
Hepliaklqana
Kikubaaqudgha
Makhleb
Nemelex Xobeh
Okawaru
Qazlal
Ru
Sif Muna
Trog
Uskayaw
Vehumet
Wu Jian
Xom
Yredelemnul
Zin
The Shining One

Shops:
D:8 (   D:11 :

Annotations:
D:7 exclusion: statue


Innate Abilities, Weirdness & Mutations

You are a tree.
Your roots penetrate the ground, keeping you stationary.
You cannot be teleported.
You are immune to unholy pain and torment.
Your maximum health is greatly increased.
You cannot wear most types of armour.
((You are amphibious.))
You can wear up to eight rings at the same time.
((Your skin changes colour to match your surroundings (Stealth+).))
((Your rubbery body absorbs attacks. (AC +1, EV +1)))
((You are camouflaged when in or above water. (Stealth+)))
((You have tentacles for arms and can constrict up to eight enemies at once.))


Message History

The cyclops closely misses you.
The centaur shoots an arrow.
You block the arrow.
Things that are here:
a +0 shortbow; a centaur corpse You turn into a tree.
Your roots penetrate the ground.
The centaur shoots an arrow.
You block the arrow. You block the cyclops's attack.
Unknown command.
As you read the scroll of torment, it crumbles to dust.
You feel a surge of unholy energy.
The cyclops convulses!
The centaur convulses!
The centaur unwields a +0 orcbow.
The centaur hits you but does no damage.
The centaur kicks you but does no damage.
Unknown command.
Unknown command.
You hit the cyclops but do no damage.
The cyclops is heavily wounded.
You slash the centaur! You burn the centaur.
You kill the centaur!
The vampire casts a spell at you.
You are confused.
The cyclops hits you!
* * * LOW HITPOINT WARNING * * *
You feel better. The cyclops hits you!
* * * LOW HITPOINT WARNING * * *
Unknown command.
You draw a card...
You have drawn the Cloud.
Clouds appear around your foes!
You draw a card...
You have drawn the Tomb.
Walls emerge from the floor!
The vampire hits you but does no damage.
The vampire bites you.
* * * LOW HITPOINT WARNING * * *
The vampire draws strength from your injuries!
The cyclops hits you but does no damage.
You slash the cyclops! You burn the cyclops.
The cyclops is almost dead.
You barely miss the vampire. The vampire hits you with a +0 club.
* * * LOW HITPOINT WARNING * * *
The vampire bites you!
You die...
Your body glows with a rainbow of weird colours and disappears.

#...## #.#### ##.†.##
#.# ##...# #.# ##..#
#.# #.### #.# #..#..#
#.# #.###.# #.#
#...###...# #.#
#.###♣#...# #.#
#VC#...# #.#
#.###...# #.# .○#
#...# #.# #.. #...#
#.# #.# #...# #.# #.#
#...# #)# .. #..##
#.####
##################..#
#.....


You could see a cyclops and a vampire.

Vanquished Creatures
  A two-headed ogre (D:11)
  Pikel (D:6)
  2 cyclopes (D:11)
  2 manticores (D:11)
  A gargoyle (D:11)
  2 unseen horrors (D:11)
  Jeremiah (D:7)
  A troll (D:10)
  A hornet (D:10)
  Sigmund (D:2)
  A shadow (D:11)
  A spriggan (D:11)
  2 wyverns
  17 yaks
  A steam dragon (D:7)
  An acid dragon (D:10)
  Pargi (D:3)
  4 black bears
  2 ice beasts
  2 laughing skulls (D:10)
  4 orc warriors
  An ogre (D:6)
  6 centaurs
  2 phantoms
  2 kobold brigands
  A gnoll sergeant (D:11)
  5 bullfrogs
  6 wights
  5 killer bees (D:11)
  A bombardier beetle (D:4)
  5 howler monkeys
  3 hounds
  6 jellies
  2 gnoll boudas
  4 iguanas
  8 orc priests
  Jessica (D:2)
  18 orc wizards
  3 sleepcaps
  8 gnolls
  14 adders
  A white imp (D:6)
  3 ufetubi
  11 dart slugs
  A ribbon worm (D:2)
  33 orcs
  7 endoplasms
  7 giant cockroaches
  11 hobgoblins
  14 kobolds
  7 quokkas
  9 ball pythons
  5 bats
  5 frilled lizards
  5 goblins
  2 rats
271 creatures vanquished.

Vanquished Creatures (collateral kills)
  A troll (D:10)
  4 yaks (D:10)
5 creatures vanquished.

Vanquished Creatures (others)
  An angel (D:8)
1 creature vanquished.

Grand Total: 277 creatures vanquished

Notes
Turn   | Place    | Note
-------+----------+-------------------------------------------
     0 | D:1      | Inarius the Octopode Fighter began the quest for the Orb.
     0 | D:1      | Reached XP level 1. HP: 16/16 MP: 1/1
   125 | D:1      | Reached XP level 2. HP: 21/21 MP: 2/2
   406 | D:1      | Reached XP level 3. HP: 22/26 MP: 3/3
   487 | D:1      | Reached skill level 1 in Stealth
   953 | D:2      | Reached XP level 4. HP: 31/31 MP: 4/4
  1052 | D:2      | Noticed Sigmund
  1135 | D:2      | Killed Sigmund
  1136 | D:2      | Reached skill level 4 in Axes
  1136 | D:2      | Reached XP level 5. HP: 23/36 MP: 5/5
  1136 | D:2      | Reached XP level 6. HP: 27/42 MP: 6/6
  1443 | D:2      | Noticed Jessica
  1446 | D:2      | Killed Jessica
  1888 | D:3      | Noticed Pargi
  1896 | D:3      | Reached skill level 5 in Stealth
  1915 | D:3      | Killed Pargi
  1916 | D:3      | Reached skill level 5 in Axes
  1916 | D:3      | Reached XP level 7. HP: 40/47 MP: 7/7
  2875 | D:4      | Reached XP level 8. HP: 46/54 MP: 8/8
  2950 | D:4      | Reached skill level 6 in Axes
  3460 | D:5      | Entered Level 5 of the Dungeon
  3538 | D:5      | Found a glowing drain.
  3553 | Sewer    | Entered a sewer
  3727 | D:5      | Found a white marble altar of Elyvilon.
  3859 | D:5      | Reached skill level 5 in Fighting
  3946 | D:5      | Identified a scroll of acquirement
  3947 | D:5      | Acquired the ring "Siwohuwi" {rPois SInv}
  3956 | D:5      | Reached skill level 7 in Axes
  4124 | D:5      | Found a shimmering blue altar of Sif Muna.
  4224 | D:6      | Noticed Pikel
  4238 | D:6      | Killed Pikel
  4239 | D:6      | Reached skill level 8 in Axes
  4239 | D:6      | Reached XP level 9. HP: 24/61 MP: 9/9
  4489 | D:6      | Found a glowing golden altar of the Shining One.
  4604 | D:6      | Reached skill level 5 in Dodging
  4974 | D:6      | Found a snail-covered altar of Cheibriados.
  4986 | D:6      | Found a hazy altar of Hepliaklqana.
  5134 | D:6      | Found an opulent altar of Gozag.
  5278 | D:6      | Found a bloodstained altar of Trog.
  5817 | D:7      | Reached skill level 9 in Axes
  5909 | D:7      | Noticed Jeremiah
  5914 | D:7      | Found a radiant altar of Vehumet.
  5954 | D:7      | Killed Jeremiah
  6151 | D:7      | Found a staircase to the Ecumenical Temple.
  6157 | Temple   | Entered the Ecumenical Temple
  6172 | Temple   | Became a worshipper of Nemelex Xobeh the Trickster
  6375 | D:7      | Identified the +0 pair of boots of the Sky {MP+9}
  6578 | D:8      | Reached XP level 10. HP: 63/68 MP: 10/10
  6584 | D:8      | Reached skill level 1 in Invocations
  6698 | D:8      | Found a shadowy altar of Dithmenos.
  6762 | D:8      | Killed an angel
  7149 | D:8      | Found Lojynoal's Antique Weapon Shop.
  7296 | D:8      | Found a glowing silver altar of Zin.
  7406 | D:8      | Reached * piety under Nemelex Xobeh
  7899 | D:8      | Found a shimmering altar of Xom.
  8171 | D:9      | Reached skill level 10 in Axes
  8173 | D:9      | Reached skill level 5 in Shields
  8418 | D:9      | Found a staircase to the Lair.
  8937 | D:9      | Paralysed by an orc for 2 turns
  8948 | D:9      | Received a gift from Nemelex Xobeh
  9001 | D:9      | Reached skill level 1 in Throwing
  9069 | D:9      | Reached XP level 11. HP: 68/74 MP: 14/14
  9074 | D:9      | Reached skill level 1 in Evocations
  9329 | D:9      | Reached skill level 10 in Stealth
  9710 | D:10     | Entered Level 10 of the Dungeon
  9779 | D:10     | Reached skill level 11 in Axes
  9947 | D:10     | Upgraded the game from 0.31-a0-1610-g9787180647 to
                  | 0.31-a0-1612-g4aaf141004
 10014 | D:10     | Reached ** piety under Nemelex Xobeh
 10161 | D:10     | Received a gift from Nemelex Xobeh
 10161 | D:10     | Found a sacrificial altar of Ru.
 10211 | D:10     | Reached skill level 5 in Invocations
 10507 | D:10     | Found a staircase to the Orcish Mines.
 10721 | D:10     | HP: 4/102 [laughing skull (2)]
 11275 | D:11     | Got the Handbook of the Quarry
 11574 | D:11     | Found Yramef's Tremendous Tomes.
 11614 | D:11     | Noticed a manticore
 11625 | D:11     | Killed a manticore
 11737 | D:11     | Noticed a two-headed ogre
 11743 | D:11     | Killed a two-headed ogre
 11971 | D:11     | Noticed a cyclops
 11979 | D:11     | Killed a cyclops
 12570 | D:11     | Noticed a manticore
 12576 | D:11     | Killed a manticore
 12577 | D:11     | Reached skill level 12 in Axes
 12596 | D:11     | Noticed a cyclops
 12600 | D:11     | Noticed a centaur warrior
 12602 | D:11     | a centaur warrior changed into a spriggan
 12609 | D:11     | Noticed a cyclops
 12613 | D:11     | Killed a cyclops
 12614 | D:11     | Reached XP level 12. HP: 23/81 MP: 16/16
 12617 | D:11     | HP: 4/121 [cyclops (16)]
 12621 | D:11     | Slain by a vampire

Illustrated notes

Levels and vault maps discovered:
D:1:      onia_arrival_mini_spirals, layout_loops_ring,
          kennysheep_pointless_box, minmay_misc_feat_encased
D:2:      layout_loops_cross, kennysheep_nub, uniq_jessica, uniq_sigmund
D:3:      layout_loops_ring, grunt_ministairs_3, kennysheep_boxes, uniq_pargi
D:4:      layout_basic
D:5:      layout_cave_pools, tgw_sif, kennysheep_mini, portal_sewer_entry_a
D:6:      layout_loops_cross, mainiacjoe_overflow_tiny_flanked, tso_metal_star,
          jmf_multi_god_temple2, kennysheep_mini_moat, uniq_pikel
D:7:      layout_basic, vehumet_statue, minmay_temple_entry_hall, uniq_jeremiah
D:8:      layout_gridville, grunt_dithmenos_smoke,
          grunt_temple_overflow_order_and_chaos_1, serial_shops,
          nicolae_square_shop
D:9:      layout_stronghold, lair_entry_dummy
D:10:     layout_loops_cross, nicolae_ru_great_annihilating_truth
D:11:     minmay_the_grid_square_5x5_4x4
          [minmay_the_grid_square_5x5_inverted_slash,
          minmay_the_grid_square_5x5_v, minmay_the_grid_square_5x5_empty,
          minmay_the_grid_square_5x5_meh, minmay_the_grid_square_5x5_shuriken,
          minmay_the_grid_square_5x5_prize_rear_guard,
          minmay_the_grid_square_5x5_prize_pseudospiral,
          minmay_the_grid_square_5x5_spiral,
          minmay_the_grid_square_5x5_sharp_hourglass,
          minmay_the_grid_square_5x5_prize_deathbox,
          minmay_the_grid_square_5x5_prize_monsterx,
          minmay_the_grid_square_5x5_moneybag, minmay_the_grid_square_5x5_fat_x,
          minmay_the_grid_square_5x5_bracketed,
          minmay_the_grid_square_5x5_slash,
          minmay_the_grid_square_5x5_pentomino_r], layout_basic,
          corner_web_ring, nicolae_shop_i_like_big_books
Temple:   hellmonk_temple_beads

Skill      XL: |  1  2  3  4  5  6  7  8  9 10 11 |
---------------+----------------------------------+-----
Stealth        | 2 4 5 6 7 8 9 11 | 11.2
Axes           | 4 5 8 9 10 12 | 12.1
Fighting       | 4 5 6 7 |  7.6
Dodging        | 4 5 6 |  6.8
Shields        | 4 5 6 |  6.0
Invocations    | 4 6 |  6.4
Throwing       | 1 |  1.5
Evocations     | 1 |  1.8

Action                     |  1- 3 |  4- 6 |  7- 9 | 10-12 || total
---------------------------+-------+-------+-------+-------++-------
  Melee: War axe           |    57 |    58 |   197 |   370 ||   682
         Constrict         |    18 |    13 |    43 |    48 ||   122
         Tentacles         |    13 |    13 |    51 |    89 ||   166
         Punch             |     1 |     1 |    10 |     9 ||    21
  Throw: Javelin           |       |       |     4 |    15 ||    19
 Invoke: Draw Destruction  |       |       |       |     3 ||     3
         Draw Escape       |       |       |       |     2 ||     2
  Evoke: Wand              |       |       |       |    21 ||    21
    Use: Scroll            |       |     4 |     6 |     3 ||    13
         Potion            |       |     3 |     2 |     7 ||    12
   Stab: Sleeping          |    11 |     3 |    23 |    12 ||    49
         Paralysed         |       |       |       |    16 ||    16
         Distracted        |       |       |       |     2 ||     2
 Armour: Skin              |    23 |    35 |    80 |   221 ||   359
  Dodge: Dodged            |    30 |    44 |   120 |   178 ||   372
  Block: Buckler           |    11 |    13 |    51 |    86 ||   161

Table legend: (Time is in decaauts)
 A = Elapsed time spent in this place.
 B = Non-inter-level travel time spent in this place.
 C = Inter-level travel time spent in this place.
 D = Time resting spent in this place.
 E = Time spent auto-exploring this place.
 F = Levels seen in this place.
 G = Mean time per level.
                   A        B        C        D        E       F      G
               +--------+--------+--------+--------+--------+-----+--------+
         Total |  12697 |  12389 |    308 |   3329 |   6591 |  13 |  976.7 |
       Dungeon |  12552 |  12264 |    288 |   3316 |   6579 |  11 | 1141.1 |
        Temple |     28 |      8 |     20 |      0 |      0 |   1 |   28.0 |
         Sewer |    116 |    116 |      0 |     13 |     12 |   1 |  116.0 |
               +--------+--------+--------+--------+--------+-----+--------+

Top non-repeatable levels by time:
     D:8: 1712 daAuts
    D:11: 1581 daAuts
     D:9: 1407 daAuts
     D:6: 1381 daAuts
    D:10: 1321 daAuts
     D:7: 1039 daAuts
     D:2: 980 daAuts
     D:4: 972 daAuts
     D:1: 870 daAuts
     D:3: 695 daAuts
     D:5: 589 daAuts
   Sewer: 116 daAuts
  Temple: 28 daAuts
